 Dungeon Sprint DCSS version 0.18-a0-1788-g92de1ac (webtiles) character file.

5254 Kidiri the Unseen (level 10, -1/68 HPs)
             Began as a Spriggan Assassin on Apr 20, 2016.
             Was an Elder of Dithmenos.
             Slain by Agnes
             ... wielding a +1 lajatang of electrocution
              (16 damage)
             ... in the Dungeon (Sprint IV: "Fedhas' Mad Dash").
             The game lasted 00:10:37 (2062 turns).

Kidiri the Unseen (Spriggan Assassin)               Turns: 2062, Time: 00:10:39

Health: -1/68      AC:  4    Str:  7    XL:     10   Next: 36%
Magic:  18/18      EV: 33    Int: 13    God:    Dithmenos [****..]
Gold:   20         SH:  9    Dex: 21    Spells: 0 memorised, 9 levels left

rFire  + + .     SeeInvis +     a - +2 short sword (elec)
rCold  x . .     Gourm    .     c - +0 robe
rNeg   . . .     Faith    .     p - +2 buckler
rPois  .         Spirit   .     (helmet restricted)
rElec  .         Dismiss  .     o - +1 cloak {+Inv}
rCorr  .         Reflect  .     (gloves unavailable)
SustAt .         Harm     .     (boots unavailable)
MR     +....     NoTele   +     r - amulet of Vitality {Regen+ HP+15}
Stlth  ++++++++++               i - ring of protection from fire
                                s - ring of fire

@: very slightly contaminated, wreathed by umbra, invisible, very quick,
somewhat resistant to hostile enchantments, uncannily stealthy
A: unfitting armour, see invisible, herbivore 3, speed 3, slow metabolism 2
a: Shadow Step, Renounce Religion, Turn Visible


You were in the Dungeon.
You worshipped Dithmenos.
Dithmenos was greatly pleased with you.
You were not hungry.

You visited 1 branch You collected 230 gold pieces.
You spent 210 gold pieces at shops.

Inventory:

Hand Weapons
 a - a +2 short sword of electrocution (weapon)
 b - a +0 blowgun
 q - a +0 rapier
Missiles
 e - 3 poisoned needles
 f - a curare-tipped needle
Armour
 c - a +0 robe (worn)
 o - a +1 cloak of invisibility (worn)
 p - a +2 buckler (worn)
Jewellery
 i - a ring of protection from fire (right hand)
 r - the amulet of Vitality (around neck) {Regen+ HP+15}
   (You found it in the Dungeon)

   [amulet of regeneration]

   It affects your health (+15).
   It increases your rate of regeneration.
 s - a ring of fire (left hand)
Scrolls
 d - 3 scrolls of identify {unknown}
 m - a scroll of blinking
 n - 3 scrolls of remove curse {unknown}
 t - a scroll of fear {unknown}
 u - a scroll of magic mapping {unknown}
 v - a scroll of enchant weapon {unknown}
Potions
 h - 3 potions of heal wounds
 j - a potion of haste
 k - 2 potions of magic
Comestibles
 g - a bread ration


   Skills:
 + Level 6.7 Fighting
 * Level 11.9 Short Blades
 + Level 8.0 Throwing
 + Level 5.5 Armour
 * Level 14.9 Dodging
 * Level 16.6 Stealth
 + Level 2.1 Shields
 - Level 5.4 Invocations
 + Level 9.5 Evocations


You had 9 spell levels left.
You didn't know any spells.

Dungeon Overview and Level Annotations

Branches:
Dungeon (1/1)

Altars:
Cheibriados
Dithmenos
Elyvilon
Gozag
Kikubaaqudgha
Makhleb
Nemelex Xobeh
Okawaru
Pakellas
Qazlal
Ru
Sif Muna
Trog
Vehumet
Xom
Yredelemnul
Zin
The Shining One
Beogh
Jiyva
Lugonu

Shops:
D %(}[%(!

Annotations:
D Agnes


Innate Abilities, Weirdness & Mutations

You are tiny and cannot use many weapons and most armour.
You have supernaturally acute eyesight.
You are a herbivore.
You cover ground extremely quickly.
You need consume almost no food.


Message History

Agnes completely misses you.
You miss Agnes.
Agnes is lightly wounded.
Agnes completely misses you.
You closely miss Agnes.
Agnes is lightly wounded.
Agnes completely misses you.
You miss Agnes.
Agnes is lightly wounded.
Agnes completely misses you.
You closely miss Agnes.
Agnes is lightly wounded.
Agnes misses you.
You miss Agnes.
Agnes is lightly wounded.
You block Agnes's attack.
Agnes hits you with a lajatang of electrocution!!
* * * LOW HITPOINT WARNING * * *
You are electrocuted!
You die...

#################################
...#.⌠...._....⌠.#.[+.)[#.%..##∩#
...+._._._._._._.+..#[..#....+..#
...#_._._._._._._#..###+##...##∩#
#'##._._._._._._.#..##∩∩.+...####
...#.⌠...._....⌠.################
...###################..[...###..
####♣♣♣♣♣..♣(###@i..P...))..+.+..
.)'......♣..♣##:.#.(#.P.....#####
..#♣..♣♣♣.♣).###.##'##.P....#
..#.♣♣.)♣...♣'...#♣.♣########
##################.....#
..♣..♣....# .i.♣.... .♣.. .....
♣.... ∩. #### ###### ##


You could see Agnes and an active ballistomycete (unaware).

Vanquished Creatures
  A spriggan druid (D)
  6 oklob plants (D)
  A demonic crawler (D)
  A queen bee (D)
  3 wandering mushrooms (D)
  3 burning bushes (D)
  A wasp (D)
  2 scorpions (D)
  4 killer bees (D)
  5 oklob saplings (D)
  A worker ant (D)
  5 spriggans (D)
  A river rat (D)
  A rat (D)
  A fungus (D)
  A giant spore (D)
37 creatures vanquished.

Notes
Turn   | Place    | Note
--------------------------------------------------------------
     0 | D        | Kidiri the Spriggan Assassin began the quest for the Orb.
     0 | D        | Reached XP level 1. HP: 10/10 MP: 2/2
    12 | D        | Reached skill level 6 in Stealth
    31 | D        | Reached XP level 2. HP: 9/15 MP: 3/3
   159 | D        | Noticed an oklob sapling
   160 | D        | Killed an oklob sapling
   160 | D        | Reached skill level 7 in Stealth
   160 | D        | Reached XP level 3. HP: 19/19 MP: 4/4
   186 | D        | Reached skill level 5 in Dodging
   186 | D        | Reached skill level 8 in Stealth
   413 | D        | Found a snail-covered altar of Cheibriados.
   413 | D        | Found a glowing silver altar of Zin.
   413 | D        | Found a white marble altar of Elyvilon.
   414 | D        | Found a viscous altar of Jiyva.
   414 | D        | Found a radiant altar of Vehumet.
   414 | D        | Found a deep blue altar of Sif Muna.
   414 | D        | Found a burning altar of Makhleb.
   414 | D        | Found an oddly glowing altar of Pakellas.
   414 | D        | Found an ancient bone altar of Kikubaaqudgha.
   414 | D        | Found a bloodstained altar of Trog.
   414 | D        | Found a corrupted altar of Lugonu.
   414 | D        | Found a sacrificial altar of Ru.
   414 | D        | Noticed an oklob sapling priest
   415 | D        | Found a glowing golden altar of the Shining One.
   415 | D        | Found a sparkling altar of Nemelex Xobeh.
   416 | D        | Found a shadowy altar of Dithmenos.
   417 | D        | Found an iron altar of Okawaru.
   417 | D        | Found a shimmering altar of Xom.
   418 | D        | Found an opulent altar of Gozag.
   419 | D        | Found a basalt altar of Yredelemnul.
   419 | D        | Found a roughly hewn altar of Beogh.
   421 | D        | Found a stormy altar of Qazlal.
   423 | D        | Killed an oklob sapling priest
   423 | D        | Reached skill level 5 in Short Blades
   423 | D        | Reached skill level 9 in Stealth
   423 | D        | Reached skill level 1 in Evocations
   423 | D        | Reached XP level 4. HP: 23/23 MP: 2/6
   428 | D        | Became a worshipper of Dithmenos the Shadowed
   565 | D        | Reached skill level 1 in Armour
   565 | D        | Reached skill level 1 in Invocations
   565 | D        | Reached XP level 5. HP: 28/28 MP: 4/7
   573 | D        | Reached * piety under Dithmenos
   573 | D        | Reached skill level 10 in Stealth
   615 | D        | Found Plog's Antique Weapon Shop.
   615 | D        | Found Nitenarr's Food Emporium.
   678 | D        | Noticed a burning bush
   678 | D        | Noticed a wandering mushroom
   679 | D        | Noticed a wandering mushroom
   682 | D        | Killed a burning bush
   682 | D        | Reached skill level 5 in Throwing
   682 | D        | Reached skill level 11 in Stealth
   682 | D        | Reached XP level 6. HP: 33/33 MP: 6/10
   683 | D        | Killed a wandering mushroom
   683 | D        | Reached skill level 10 in Dodging
   683 | D        | Reached skill level 12 in Stealth
   683 | D        | Reached skill level 5 in Evocations
   683 | D        | Reached XP level 7. HP: 38/38 MP: 6/12
   686 | D        | Killed a wandering mushroom
   700 | D        | Found Goclekug's Food Emporium.
   700 | D        | Found Jaubroxo's Armour Shoppe.
   822 | D        | Noticed a queen bee
   827 | D        | Killed a queen bee
   827 | D        | Reached ** piety under Dithmenos
   827 | D        | Reached skill level 13 in Stealth
   827 | D        | Reached XP level 8. HP: 42/42 MP: 11/13
   829 | D        | Reached skill level 5 in Fighting
   842 | D        | Noticed an oklob plant
   845 | D        | Killed an oklob plant
   845 | D        | Reached skill level 5 in Invocations
   956 | D        | Noticed a burning bush
   959 | D        | Killed a burning bush
   959 | D        | Reached *** piety under Dithmenos
   959 | D        | Reached skill level 14 in Stealth
   959 | D        | Reached XP level 9. HP: 47/47 MP: 12/15
  1143 | D        | Noticed a burning bush
  1143 | D        | Noticed an oklob plant
  1179 | D        | Noticed a wandering mushroom
  1187 | D        | Killed a burning bush
  1187 | D        | Reached skill level 10 in Short Blades
  1312 | D        | Killed an oklob plant
  1322 | D        | Reached skill level 15 in Stealth
  1458 | D        | Noticed a spriggan druid
  1459 | D        | Killed a spriggan druid
  1576 | D        | Noticed an oklob plant conjurer
  1577 | D        | Killed an oklob plant conjurer
  1577 | D        | Reached skill level 5 in Armour
  1593 | D        | Noticed an oklob plant
  1593 | D        | Noticed an oklob plant summoner
  1594 | D        | Noticed an oklob plant shifter
  1598 | D        | Killed an oklob plant
  1598 | D        | Reached skill level 1 in Shields
  1598 | D        | Reached XP level 10. HP: 53/53 MP: 12/17
  1600 | D        | Killed an oklob plant summoner
  1600 | D        | Reached skill level 16 in Stealth
  1601 | D        | Killed an oklob plant shifter
  1849 | D        | Noticed a spriggan rider
  1919 | D        | Reached **** piety under Dithmenos
  1936 | D        | Found Womab's Weapon Emporium.
  1942 | D        | Found Vausm's Distillery.
  1948 | D        | Bought a potion of heal wounds for 65 gold pieces
  1948 | D        | Bought 2 potions of heal wounds for 130 gold pieces
  1950 | D        | Bought 3 poisoned needles for 15 gold pieces
  2041 | D        | Noticed Agnes
  2043 | D        | Found Ynyv's Gadget Emporium.
  2043 | D        | Noticed a spriggan berserker
  2062 | D        | Slain by Agnes

Vault maps used:
D:        dungeon_sprint_fedhas

Skill      XL: |  1  2  3  4  5  6  7  8  9 10 |
---------------+-------------------------------+-----
Stealth        | 6 7 9 11 12 13 14 15 16 | 16.6
Fighting       | 2 3 4 5 6 |  6.7
Short Blades   | 3 4 5 7 8 9 11 | 11.9
Dodging        | 3 4 6 9 10 11 12 14 | 14.9
Throwing       | 3 5 6 7 8 |  8.0
Evocations     | 1 2 4 5 6 7 9 |  9.5
Armour         | 1 2 3 4 5 |  5.5
Invocations    | 1 3 4 5 |  5.4
Shields        | 1 2 |  2.1

Action                   |  1- 3 |  4- 6 |  7- 9 | 10-12 || total
-------------------------+-------+-------+-------+-------++-------
Melee: Dagger            |    29 |     4 |       |       ||    33
       Rapier            |       |     2 |    33 |    76 ||   111
       Short sword       |       |       |       |    20 ||    20
 Fire: Blowgun           |    16 |       |    10 |    22 ||    48
Invok: Shadow Step       |       |       |     1 |       ||     1
 Abil: Evoke Invisibilit |     1 |     2 |     6 |     2 ||    11
  Use: Potion            |       |       |       |     5 ||     5
 Stab: Sleeping          |     1 |     6 |    14 |     2 ||    23
       Distracted        |     1 |       |       |       ||     1
       Invisible         |     2 |       |     4 |       ||     6
  Eat: Royal jelly       |       |       |     3 |       ||     3
Armor: Robe              |     1 |       |       |     4 ||     5
Dodge: Dodged            |    17 |       |     4 |   128 ||   149
Block: Buckler           |       |       |     1 |    53 ||    54
